 Dungeon Crawl Stone Soup version 0.22-a0-479-gc6e99f3 (webtiles) character file.

135 iamserjio the Cudgeler (level 5, 0/47 HPs)
             Began as a Gnoll Berserker on June 14, 2018.
             Was a Believer of Trog.
             Succumbed to a kobold's poison
             ... on level 3 of the Dungeon.
             The game lasted 00:04:21 (463 turns).

iamserjio the Cudgeler (Gnoll Berserker)             Turns: 463, Time: 00:04:22

Health: 0/47       AC:  9    Str: 19    XL:     5   Next: 18%
Magic:  5/7        EV: 10    Int: 10    God:    Trog [**....]
Gold:   72         SH:  0    Dex: 15    Spells: 6/6 levels left

rFire    . . .     SeeInvis .   a - +0 mace
rCold    . . .     Gourm    .   (no shield)
rNeg     . . .     Faith    .   f - +0 chain mail
rPois    .         Spirit   .   (no helmet)
rElec    .         Reflect  .   (no cloak)
rCorr    .         Harm     .   (no gloves)
MR       ++...                  (no boots)
Stlth    ..........             (no amulet)
HPRegen  1.15/turn              (no ring)
MPRegen  0.10/turn              (no ring)

@: lethally poisoned (0 -> 0), berserk cooldown, regenerating
A: distributed training, fangs 1, strong nose
a: Berserk, Trog's Hand, Renounce Religion


You were on level 3 of the Dungeon.
You worshipped Trog.
Trog was pleased with you.
You were very hungry.

You visited 1 branch of the dungeon, and saw 3 of its levels.

You collected 72 gold pieces.

Inventory:

Hand Weapons
 a - a +0 mace (weapon)
 o - a cursed -2 flail
 q - a +0 war axe
Missiles
 m - 26 sling bullets
 n - 20 stones (quivered)
 p - 5 tomahawks
Armour
 b - a +0 animal skin
 f - a +0 chain mail (worn)
Jewellery
 e - a cursed amulet of inaccuracy {unknown}
Scrolls
 g - 3 scrolls of identify {unknown}
 k - a scroll of remove curse {unknown}
 l - a scroll of blinking {unknown}
 r - a scroll of teleportation {unknown}
Potions
 i - a potion of magic {unknown}
 j - a potion of agility {unknown}
Comestibles
 c - 2 rations


   Skills:
 + Level 6.6 Fighting
 + Level 1.3 Short Blades
 + Level 1.3 Long Blades
 + Level 1.3 Axes
 + Level 6.6 Maces & Flails
 + Level 1.3 Polearms
 + Level 1.3 Staves
 + Level 1.3 Slings
 + Level 1.3 Bows
 + Level 1.3 Crossbows
 + Level 1.3 Throwing
 + Level 4.7 Armour
 + Level 4.7 Dodging
 + Level 1.3 Stealth
 + Level 1.3 Shields
 + Level 1.3 Unarmed Combat
 + Level 1.3 Spellcasting
 + Level 1.1 Conjurations
 + Level 1.1 Hexes
 + Level 1.1 Charms
 + Level 1.1 Summonings
 + Level 1.1 Necromancy
 + Level 1.1 Translocations
 + Level 1.1 Transmutations
 + Level 1.1 Fire Magic
 + Level 1.1 Ice Magic
 + Level 1.1 Air Magic
 + Level 1.1 Earth Magic
 + Level 1.1 Poison Magic
 + Level 1.5 Invocations
 + Level 1.3 Evocations


You had 6 spell levels left.
You didn't know any spells.
Your spell library was empty.

Dungeon Overview and Level Annotations

Branches:
Dungeon (3/15)

Altars:
Uskayaw

Annotations:
D:1 exclusions: 2 bats, 2 doors, frilled lizard and 46 more exclusions
D:2 exclusions: 9 bats, 6 dart slugs, 4 giant cockroaches, 11 jackals, 5 rats and 67 more exclusions
D:3 exclusions: adder, bat, 7 hobgoblins, 10 jackals, kobold, 4 orcs, orc wizard, 2 rats and 72 more exclusions


Innate Abilities, Weirdness & Mutations

Your experience applies equally to all skills.
You have very sharp teeth.
Your uncanny sense of smell can sniff out nearby items.


Message History

You feel sick. Jessica misses you. Jessica hits you but does no damage.
A hobgoblin comes into view. It is wielding a club.
The hobgoblin shouts!
You hit Jessica but do no damage. Your bite misses Jessica.
* * * LOW HITPOINT WARNING * * *
You feel sick. Jessica misses you. Jessica hits you but does no damage.
You sock Jessica!
You kill Jessica!
Trog accepts your kill.
Trog appreciates your killing of a magic user.
You have reached level 5!
* * * LOW HITPOINT WARNING * * *
You feel sick.
A leopard gecko comes into view.
A frilled lizard comes into view.
The leopard gecko moves out of view.
It was a potion of cancellation.
Your magical effects are unravelling.
You feel magically purged.
You feel yourself speed up.
You die...

#.####..## ∆
#.#..#...##.#
######.#..#.#.##.#
....[)†...#.#.##.#
....[#.##.#.#.##.#
.....#....#.#.##.#
[....######.#..#.#
.....####.#.##.#)#
.....'...<#.##.(@########
.....######.###)....g..l.
###.........#...>######._
#.#########.#### #. #. #.
# #. #. ∆ #.


You could see a hobgoblin and a frilled lizard.

Vanquished Creatures
  An orc priest (D:3)
  Jessica (D:3)
  An orc wizard (D:3)
  An adder (D:3)
  A worm (D:3)
  2 dart slugs (D:2)
  6 orcs (D:3)
  3 bats
  A giant cockroach (D:2)
  A goblin (D:3)
  2 hobgoblins (D:3)
  8 jackals
  2 frilled lizards
  2 kobolds (D:3)
  2 rats
34 creatures vanquished.

Notes
Turn   | Place    | Note
-------+----------+-------------------------------------------
     0 | D:1      | iamserjio the Gnoll Berserker began the quest for the Orb.
     0 | D:1      | Reached XP level 1. HP: 23/23 MP: 1/1
   124 | D:2      | Reached XP level 2. HP: 26/29 MP: 2/2
   202 | D:3      | Reached XP level 3. HP: 29/35 MP: 3/3
   316 | D:3      | Reached skill level 1 in Invocations
   327 | D:3      | Reached ** piety under Trog
   327 | D:3      | Reached skill level 1 in Short Blades
   327 | D:3      | Reached skill level 1 in Long Blades
   327 | D:3      | Reached skill level 1 in Axes
   327 | D:3      | Reached skill level 1 in Polearms
   327 | D:3      | Reached skill level 1 in Staves
   327 | D:3      | Reached skill level 1 in Slings
   327 | D:3      | Reached skill level 1 in Bows
   327 | D:3      | Reached skill level 1 in Crossbows
   327 | D:3      | Reached skill level 1 in Throwing
   327 | D:3      | Reached skill level 1 in Stealth
   327 | D:3      | Reached skill level 1 in Shields
   327 | D:3      | Reached skill level 1 in Unarmed Combat
   327 | D:3      | Reached skill level 1 in Spellcasting
   327 | D:3      | Reached skill level 1 in Evocations
   327 | D:3      | Reached XP level 4. HP: 32/41 MP: 5/5
   396 | D:3      | Reached skill level 1 in Conjurations
   396 | D:3      | Reached skill level 1 in Hexes
   396 | D:3      | Reached skill level 1 in Charms
   396 | D:3      | Reached skill level 1 in Summonings
   396 | D:3      | Reached skill level 1 in Necromancy
   396 | D:3      | Reached skill level 1 in Translocations
   396 | D:3      | Reached skill level 1 in Transmutations
   396 | D:3      | Reached skill level 1 in Fire Magic
   396 | D:3      | Reached skill level 1 in Ice Magic
   396 | D:3      | Reached skill level 1 in Air Magic
   396 | D:3      | Reached skill level 1 in Earth Magic
   396 | D:3      | Reached skill level 1 in Poison Magic
   446 | D:3      | Noticed Jessica
   456 | D:3      | Found a hide-covered altar of Uskayaw.
   459 | D:3      | HP: 1/41 [Jessica/club (2)]
   462 | D:3      | Killed Jessica
   462 | D:3      | Reached XP level 5. HP: 1/47 MP: 5/7
   463 | D:3      | Succumbed to a kobold's poison

Vault maps used:
D:1:      dpeg_arrival_rooms_a
D:3:      kennysheep_goblin_castle, grunt_temple_overflow_open, uniq_sigmund,
          uniq_jessica, uniq_robin

Skill      XL: |  1  2  3  4 |
---------------+-------------+-----
Invocations    | 1 |  1.5
Short Blades   | 1 |  1.3
Long Blades    | 1 |  1.3
Axes           | 1 |  1.3
Polearms       | 1 |  1.3
Staves         | 1 |  1.3
Slings         | 1 |  1.3
Bows           | 1 |  1.3
Crossbows      | 1 |  1.3
Throwing       | 1 |  1.3
Stealth        | 1 |  1.3
Shields        | 1 |  1.3
Unarmed Combat | 1 |  1.3
Spellcasting   | 1 |  1.3
Evocations     | 1 |  1.3
Conjurations   | 1 |  1.1
Hexes          | 1 |  1.1
Charms         | 1 |  1.1
Summonings     | 1 |  1.1
Necromancy     | 1 |  1.1
Translocations | 1 |  1.1
Transmutations | 1 |  1.1
Fire Magic     | 1 |  1.1
Ice Magic      | 1 |  1.1
Air Magic      | 1 |  1.1
Earth Magic    | 1 |  1.1
Poison Magic   | 1 |  1.1
Fighting       | |  6.6
Maces & Flails | |  6.6
Armour         | |  4.7
Dodging        | |  4.7

Action                   |  1- 3 |  4- 6 || total
-------------------------+-------+-------++-------
Melee: Mace              |    74 |    35 ||   109
       Bite              |     9 |     5 ||    14
Invok: Berserk           |     1 |     1 ||     2
       Trog's Hand       |       |     2 ||     2
  Use: Potion            |       |     1 ||     1
 Stab: Sleeping          |     1 |       ||     1
Armor: Chain mail        |    63 |    18 ||    81
Dodge: Dodged            |    41 |    20 ||    61

Table legend:
 A = Spawn XP
 B = Non-spawn XP
 C = Spawn XP percentage of total XP
 D = Spawn monster count
 E = Non-spawn monster count
 F = Spawn count percentage of total count
 G = Total turns spent on level
                    A         B        C        D         E        F      G
               +---------+---------+-------+---------+---------+-------+---------
         Total |       0 |     193 |   0.0 |       0 |      34 |   0.0 |   463
               +---------+---------+-------+---------+---------+-------+---------
           D:1 |       0 |       3 |   0.0 |       0 |       2 |   0.0 |    79
           D:2 |       0 |      21 |   0.0 |       0 |       9 |   0.0 |   114
           D:3 |       0 |     169 |   0.0 |       0 |      23 |   0.0 |   270
               +---------+---------+-------+---------+---------+-------+---------
